 Dungeon Crawl Stone Soup version 0.20.1-1-g8b1a95d (webtiles) character file.

255 ninurtach the Chopper (level 5, -1/45 HPs)
             Began as a Minotaur Fighter on Nov 14, 2017.
             Killed by divine providence
             ... invoked by an orc priest
              (13 damage)
             ... on level 4 of the Dungeon.
             The game lasted 00:08:20 (2774 turns).

ninurtach the Chopper (Minotaur Fighter)            Turns: 2774, Time: 00:08:21

Health: -1/45      AC:  9    Str: 26    XL:     5   Next: 91%
Magic:  4/4        EV:  6    Int:  5    God:
Gold:   246        SH: 10    Dex: 13    Spells: 4/4 levels left

rFire    . . .     SeeInvis .   a - +1 war axe
rCold    . . .     Gourm    .   c - +0 shield
rNeg     . . .     Faith    .   v - +1 chain mail of Jusoroil {Dex+3} (curse)
rPois    .         Spirit   .   (helmet restricted)
rElec    .         Reflect  .   (no cloak)
rCorr    .         Harm     .   (no gloves)
MR       .....                  x - -2 pair of boots (curse)
Stlth    ..........             (no amulet)
Regen    0.2/turn               e - ring of flight
MPRegen  0.1/turn               p - +5 ring of strength

@: lethally poisoned (-1 -> -6)
A: retaliatory headbutt, horns 2
a: Evoke Flight


You were on level 4 of the Dungeon.
You were not hungry.

You visited 1 branch of the dungeon, and saw 4 of its levels.

You collected 246 gold pieces.

Inventory:

Hand Weapons
 a - a +1 war axe (weapon)
Armour
 c - a +0 shield (worn)
 v - the cursed +1 chain mail of Jusoroil (worn) {Dex+3}
   (You found it on level 3 of the Dungeon)

   It affects your dexterity (+3).
   It has a curse placed upon it.
 x - a cursed -2 pair of boots (worn)
Jewellery
 e - a ring of flight (left hand)
 p - a +5 ring of strength (right hand)
 y - an uncursed amulet of rage {unknown}
Wands
 i - a wand of digging (15/24)
 w - a wand of enslavement (3/24)
Scrolls
 j - 2 scrolls of identify
 k - 2 scrolls of remove curse
 n - a scroll of enchant weapon
 o - 3 scrolls of enchant armour
 s - a scroll of random uselessness {unknown}
 t - 2 scrolls of amnesia
 u - 2 scrolls of fear
Potions
 d - 2 potions of might
 g - 3 potions of agility
 l - a potion of heal wounds
 q - a potion of resistance
 r - 3 potions of curing
 z - a potion of magic {unknown}
Books
 A - a book of Misfortune

   Spells                             Type                      Level
   a - Confusing Touch                Hexes                        1
   b - Confuse                        Hexes                        3
   c - Gell's Gravitas                Translocation                3
   d - Petrify                        Transmutation/Earth          4
   e - Metabolic Englaciation         Hexes/Ice                    5
   f - Yara's Violent Unravelling     Hexes/Transmutation          5
Comestibles
 b - 3 chunks of flesh
 f - 4 bread rations
 h - a meat ration
 m - 3 royal jellies


   Skills:
 - Level 3.6 Fighting
 + Level 7.5 Axes
 - Level 3.6 Armour
 - Level 3.6 Shields


You had 4 spell levels left.
You didn't know any spells.

Dungeon Overview and Level Annotations

Branches:
Dungeon (4/15)
 Temple: D:4-7

Altars:
Kikubaaqudgha
Nemelex Xobeh
Xom


Innate Abilities, Weirdness & Mutations

You reflexively headbutt those who attack you in melee.
You have a pair of horns on your head.


Message History

You slash the orc!
You kill the orc!
You slash the orc priest!
The orc priest hits you with a falchion.
You take 3 damage, and have 42/45 hp.
You barely miss the orc priest.
The orc priest invokes the aid of Beogh against you.
Beogh smites you!
The orc priest hits you from afar with a trident of venom.
You are poisoned.
You take 17 damage, and have 25/45 hp.
MASSIVE DAMAGE!!
Warning x2: The orc priest can smite you! x2
You barely miss the orc priest.
You feel sick.
The orc priest mumbles some strange prayers to Beogh against you.
Beogh smites you!
* * * LOW HITPOINT WARNING * * *
You block the orc priest's attack.
The orc priest mumbles some strange prayers to Beogh against you.
Beogh smites you!
You die...

+...... #.....
#..... #.... ....
.o# #.#####o# ...#
#.....#@# ...#
########.#.# ...#
.........#.#
...##########..#.#
...#........#..#.#
...#.###.......#.#
...#.......<#..#.#
...######..##.##.#
...............#.#


You could see 2 orc priests.

Vanquished Creatures
  A big kobold (D:3)
  Robin (D:2)
  3 gnolls (D:3)
  6 adders
  3 dart slugs
  A leopard gecko (D:2)
  4 orcs
  5 giant cockroaches
  21 goblins
  8 hobgoblins
  3 jackals (D:2)
  2 quokkas
  A ball python (D:1)
  6 bats
  2 frilled lizards
  15 kobolds
  4 rats
86 creatures vanquished.

Notes
Turn   | Place    | Note
-------+----------+-------------------------------------------
     0 | D:1      | ninurtach the Minotaur Fighter began the quest for the Orb.
     0 | D:1      | Reached XP level 1. HP: 19/19 MP: 0/0
   100 | D:1      | Reached skill level 3 in Axes
   184 | D:1      | Reached XP level 2. HP: 26/26 MP: 1/1
   994 | D:2      | Reached skill level 4 in Axes
  1095 | D:2      | Reached XP level 3. HP: 12/31 MP: 2/2
  1262 | D:2      | Found a shimmering altar of Xom.
  1305 | D:2      | Found an ancient bone altar of Kikubaaqudgha.
  1307 | D:2      | Found a sparkling altar of Nemelex Xobeh.
  1370 | D:2      | Reached skill level 5 in Axes
  1424 | D:2      | Noticed Robin
  1434 | D:2      | Reached XP level 4. HP: 31/39 MP: 3/3
  1452 | D:2      | Killed Robin
  1709 | D:2      | Reached skill level 6 in Axes
  1781 | D:3      | Reached XP level 5. HP: 34/45 MP: 4/4
  1943 | D:3      | Reached skill level 7 in Axes
  1969 | D:3      | Got a translucent chain mail
  1980 | D:3      | Identified the cursed +1 chain mail of Jusoroil {Dex+3} (You found it on level 3 of the Dungeon)
  2774 | D:4      | Killed from afar by an orc priest

Skill      XL: |  1  2  3  4  5 |
---------------+----------------+-----
Axes           | 3 4 5 6 7 |  7.5
Fighting       | |  3.6
Armour         | |  3.6
Shields        | |  3.6

Action                   |  1- 3 |  4- 6 || total
-------------------------+-------+-------++-------
Melee: War axe           |    89 |    92 ||   181
       Headbutt          |     9 |    16 ||    25
  Use: Scroll            |    11 |       ||    11
       Potion            |     1 |       ||     1
  Eat: Chunk             |     2 |     4 ||     6
Armor: Scale mail        |    22 |    23 ||    45
       Leather armour    |    14 |       ||    14
       Chain mail        |       |    16 ||    16
Dodge: Dodged            |    38 |    16 ||    54
Block: Shield            |    61 |    34 ||    95
